AoeStats
← basileus

Four Lakes

510218614Analyzed
1v1 RM · 24h ago on Sep 30, 2026· 56m 13s· 2 players
Game mode
Random Map
Map size
Tiny (2 player)
Population
200
Speed
Normal
Resources
Standard
Victory
Conquest
Starting age
Dark Age
Ending age
Imperial Age
RankedLock teamsTeams togetherTeam positionsShared explorationLock speedFull tech treeHidden civsTurbo modeCheats
Victory
Defeat
🇺🇸 Varangians · United States
1169
+16
🇦🇷 Magyars · Argentina
1165
-16
totekazee
4:53 Loom
10:57 Feudal Age
11:18 Man-at-Arms
11:48 Fishing Lines
12:37 Arson
13:59 Double-Bit Axe
14:42 Horse Collar
16:52 Gold Mining
21:21 Castle Age
19:55 Scale Mail Armor
23:41 Gillnets
24:01 Scale Barding Armor
24:30 Husbandry
26:12 Fletching
28:07 Wheelbarrow
27:55 Bow Saw
28:35 Padded Archer Armor
28:05 Elite Skirmisher
29:40 Pikeman
31:37 Stone Mining
32:38 Ballistics
32:38 Hand Cart
32:37 Bloodlines
35:24 Town Watch
36:21 Bodkin Arrow
37:37 Masonry
46:46 Corvinian Army
46:56 Treadmill Crane
48:20 Leather Archer Armor
49:08 Thumb Ring
50:59 Murder Holes
55:54 Imperial Age
basileus
6:09 Loom
9:55 Feudal Age
10:59 Double-Bit Axe
11:52 Bloodlines
11:55 Fishing Lines
16:57 Fletching
25:41 Castle Age
23:27 Town Watch
24:17 Wheelbarrow
24:03 Stone Mining
24:42 Scale Barding Armor
26:27 Husbandry
26:49 Chain Barding Armor
26:47 Forging
27:23 Squires
26:43 Pikeman
27:26 Squires
27:14 Gambesons
29:09 Iron Casting
30:17 Bodkin Arrow
31:35 Gold Mining
32:54 Vendel Legacy
33:01 Light Cavalry
33:43 Horse Collar
41:26 Bow Saw
44:45 Imperial Age
44:04 Scale Mail Armor
45:25 Cavalier
46:59 Plate Barding Armor
51:17 Blast Furnace
50:19 Bracer
51:14 Fervor
53:52 Conscription
Connection lost

Rejoining the realm…

Still unreachable

The connection could not be restored.

Session expired

The server has moved on; the page needs a fresh start.